 Dungeon Crawl Stone Soup version 0.28.0-45-g0d030f2227 (webtiles) character file.

Game seed: 7790660209980359404

17178 DearestLeader the Cleaver (level 12, -17/97 HPs)
             Began as a Gnoll Chaos Knight on Apr 19, 2022.
             Was a Plaything of Xom.
             Demolished by a black mamba (18 damage)
             ... on level 2 of the Lair of Beasts on Apr 20, 2022.
             The game lasted 00:30:14 (11225 turns).

DearestLeader the Cleaver (Gnoll Chaos Knight)     Turns: 11225, Time: 00:30:14

Health: -17/97     AC:  5    Str: 16    XL:     12   Next: 45%
Magic:  22/22      EV: 15    Int: 18    God:    Xom [*.....]
Gold:   607        SH:  0    Dex: 12    Spells: 19/25 levels left

rFire   + + .      SeeInvis .   a - +8 mace of Bloody Death {chaos, *Slow rElec rF+ rCorr}
rCold   . . .      Faith    .   (no shield)
rNeg    . . .      Spirit   .   I - +0 steam dragon scales
rPois   .          Reflect  .   (no helmet)
rElec   +          Harm     .   (no cloak)
rCorr   +          Rampage  .   r - +0 pair of gloves
Will    .....                   (no boots)
Stlth   +++.......              q - amulet of regeneration
HPRegen 1.06/turn               c - +6 ring of intelligence
MPRegen 0.18/turn               F - ring of protection from fire

@: unable to read
A: fangs 1, strong nose, distributed training, claws 1, deformed body, screaming
1, inability to read while threatened
a: Renounce Religion


You were on level 2 of the Lair of Beasts.
You worshipped Xom.
You were a special plaything of Xom.
You visited 2 branches of the dungeon, and saw 12 of its levels.
You also visited: Bailey and Ice Cave.

You collected 659 gold pieces.
You spent 52 gold pieces at shops.

Inventory:

Hand Weapons
 a - the +8 mace of Bloody Death (weapon) {chaos, *Slow rElec rF+ rCorr}
   (You found it on level 2 of the Lair of Beasts)

   Each time it hits an enemy it has a different, random effect.
   rF:        It protects you from fire.
   rElec:     It insulates you from electricity.
   rCorr:     It protects you from acid and corrosion.
   *Slow:     It may slow you when you take damage.
 b - the +11 hand crossbow of Luxury {freeze, rC+ Will+ Str-4 Int+2}
   (You found it on level 8 of the Dungeon)

   Any ammunition fired from it freezes those it strikes, dealing additional
   cold damage.
   It can also slow down cold-blooded creatures.
   Str:       It affects your strength (-4).
   Int:       It affects your intelligence (+2).
   rC:        It protects you from cold.
   Will:      It increases your willpower.
 i - the +3 dagger of Fixt {protect, rF+ Will+}
   (You found it on level 4 of the Dungeon)

   It grants its wielder temporary protection when it strikes (+7 to AC).
   rF:        It protects you from fire.
   Will:      It increases your willpower.
 y - a +2 spectral quarterstaff
 B - a +3 short sword of chaos
 K - a +0 war axe
Missiles
 k - 28 poisoned darts (quivered)
 M - a throwing net
 O - 14 bolts
Armour
 r - a +0 pair of gloves (worn)
 I - +0 steam dragon scales (worn)
Jewellery
 c - a +6 ring of intelligence (left hand)
 q - an amulet of regeneration (around neck)
 E - an amulet of guardian spirit
 F - a ring of protection from fire (right hand)
Wands
 l - a wand of flame (42)
 s - a wand of polymorph (16)
 w - a wand of paralysis (3)
 x - a wand of iceblast (9)
Scrolls
 e - a scroll of enchant armour
 f - 2 scrolls of blinking
 m - 3 scrolls of magic mapping
 o - 4 scrolls of fog
 p - 3 scrolls of amnesia
 v - 4 scrolls of immolation
 A - 6 scrolls of enchant weapon
 C - 4 scrolls of summoning
 H - 2 scrolls of brand weapon
Potions
 d - 2 potions of degeneration
 g - 6 potions of curing
 h - a potion of cancellation {unknown}
 n - 4 potions of brilliance
 t - 5 potions of haste
 u - 2 potions of might
 D - 5 potions of mutation
 J - 2 potions of flight
 L - 2 potions of resistance {unknown}
 N - a potion of heal wounds
Miscellaneous
 z - a tin of tremorstones (1/2)


   Skills:
 + Level 9.9 Fighting
 + Level 7.3 Short Blades
 + Level 7.3 Long Blades
 + Level 9.9 Axes
 + Level 7.3 Maces & Flails
 + Level 7.3 Polearms
 + Level 7.3 Staves
 + Level 7.3 Slings
 + Level 7.3 Bows
 + Level 7.3 Crossbows
 + Level 7.3 Throwing
 + Level 8.7 Armour
 + Level 7.8 Dodging
 + Level 7.3 Stealth
 + Level 7.3 Shields
 + Level 7.3 Unarmed Combat
 + Level 7.3 Spellcasting
 + Level 6.0 Conjurations
 + Level 6.0 Hexes
 + Level 6.0 Summonings
 + Level 6.0 Necromancy
 + Level 6.0 Translocations
 + Level 6.0 Transmutations
 + Level 6.0 Fire Magic
 + Level 6.0 Ice Magic
 + Level 6.0 Air Magic
 + Level 6.0 Earth Magic
 + Level 6.0 Poison Magic
 + Level 8.0 Invocations
 + Level 7.3 Evocations


You had 19 spell levels left.
You knew the following spells:

 Your Spells              Type           Power      Damage    Failure   Level
a - Mephitic Cloud        Conj/Pois/Air  28%        N/A       2%          3
b - Ignite Poison         Fire/Tmut/Pois 28%        N/A       2%          3

Your spell library contained the following spells:

 Spells                   Type           Power      Damage    Failure   Level
 Conjure Flame            Conj/Fire      28%        6-21      2%          3
 Gell's Gravitas          Tloc           28%        N/A       2%          3
 Lesser Beckoning         Tloc           28%        N/A       2%          3
 Teleport Other           Tloc           28%        N/A       2%          3
 Sticky Flame             Conj/Fire      28%        2d5       9%          4
 Freezing Cloud           Conj/Ice/Air   14%        6-21      24%         5


Dungeon Overview and Level Annotations

Branches:
Dungeon (10/15)            Temple (0/1) D:6            Lair (2/6) D:8
  Swamp (0/4) Lair:2          Orc (0/2) D:9          Bailey (visited)
  IceCv (visited)
  Snake: Lair:2-4    Spider: Lair:2-4

Altars:
Ashenzari
Elyvilon
Gozag
Vehumet
Wu Jian
Xom
Yredelemnul

Shops:
D:1 !   D:8 *[   D:10 ?

Annotations:
D:4 2 transporters, duchin's ghost, amateur GrEE


Innate Abilities, Weirdness & Mutations

You have very sharp teeth.
Your uncanny sense of smell can sniff out nearby items.
Your experience applies equally to all skills.
You have sharp fingernails.
Armour fits poorly on your strangely shaped body.
You occasionally shout uncontrollably at your foes.
You sometimes lose the ability to read scrolls when taking damage.


Message History

You thump the black mamba! You burn the black mamba.
Your bite misses the black mamba.
The black mamba is moderately wounded.
You feel very sick. The black mamba barely misses you.
The black mamba closely misses you.
You closely miss the black mamba.
The black mamba is moderately wounded.
You feel very sick. The black mamba bites you!
You feel threatened and lose the ability to read scrolls!
You are more poisoned.
The black mamba poisons you!
You hit the black mamba. You freeze the black mamba.
Your bite misses the black mamba.
The black mamba is moderately wounded.
You can read scrolls again.
You feel extremely sick. The black mamba bites you!
You feel threatened and lose the ability to read scrolls!
The black mamba completely misses you.
You sock the black mamba!
The black mamba resists with some effort.
The black mamba is heavily wounded.
You feel very sick. The black mamba bites you!
* * * LOW HITPOINT WARNING * * *
The black mamba barely misses you.
You hit the black mamba. You freeze the black mamba. You punch the black mamba.
Your bite misses the black mamba.
The black mamba is severely wounded.
You feel very sick.
The black mamba bites you but does no damage.
The black mamba bites you!
* * * LOW HITPOINT WARNING * * *
You feel better. The black mamba bites you!
* * * LOW HITPOINT WARNING * * *
Xom thinks this is hilarious!
The black mamba bites you!!
You die...
Xom roars with laughter!

..###.######^........#...........
.## ##...##...P..................
## #####.........................
#.#.......###........####.....
#.....#..##.##........#.......
##P#.######..##...(............
#P..## ∆∆ #...#....##.#.#......
#...# ###.S#.....#######P...
#.#.# ##.##.@..#### ##.#.
##P.##.##.......## ####
#.#.##......##...# #
##..#......####..#.#
##.##.#####.P#..(#
#...#####.......##
#...............P#
##..##÷#.P.......#
#..###÷......#.###


You could see a black mamba.

Vanquished Creatures
  3 orc knights (Bailey)
  A salamander (D:9)
  3 cane toads (Lair:1)
  A gargoyle (D:10)
  An unseen horror (D:8)
  3 komodo dragons
  5 polar bears
  2 hornets
  A blink frog (shapeshifter) (D:6)
  5 blink frogs (Lair:2)
  8 yaks
  A wyvern (D:9)
  2 shadows
  Sigmund (D:4)
  6 vampire mosquitoes (Lair:2)
  3 steam dragons
  A hell hound (Lair:1)
  A two-headed ogre zombie (D:9)
  An acid dragon (D:10)
  3 water moccasins
  5 orc warriors
  An ice beast (D:3)
  An ogre (D:4)
  3 black bears
  8 wolves
  2 centaurs (D:9)
  2 phantoms
  2 kobold brigands
  4 bullfrogs
  5 scorpions
  A gnoll sergeant (D:10)
  A wyvern zombie (D:7)
  A water moccasin zombie (D:7)
  A troll zombie (D:9)
  A water moccasin skeleton (D:5)
  10 killer bees
  7 crimson imps (D:8)
  2 electric eels (D:8)
  3 howler monkeys (D:8)
  4 centaur zombies (D:10)
  2 hounds
  7 orc priests
  A jelly (D:7)
  A bullfrog skeleton (D:5)
  2 gnoll shamans
  6 orc wizards
  2 iguanas
  3 hell rats (Lair:1)
  A polar bear simulacrum (IceCv)
  A wolf simulacrum (IceCv)
  5 ogre zombies (D:9)
  A howler monkey zombie (D:9)
  11 gnolls
  10 adders
  2 shadow imps
  A white imp (D:8)
  A worm (D:8)
  6 dart slugs
  53 orcs
  6 endoplasms
  4 giant cockroaches
  11 goblins
  5 hobgoblins
  4 jackals (D:1)
  6 quokkas
  9 ball pythons
  2 bats (D:1)
  A frilled lizard (D:2)
  2 goblin skeletons (D:9)
  A goblin zombie (D:9)
  3 hobgoblin zombies (D:9)
  14 kobolds
  4 orc skeletons (D:9)
  14 orc zombies (D:9)
  5 rats
323 creatures vanquished.

Vanquished Creatures (collateral kills)
  A death yak (Lair:2)
  An orc knight (Bailey)
  A torpor snail (Lair:2)
3 creatures vanquished.

Vanquished Creatures (others)
  8 fungi
  13 plants (Lair:2)
21 creatures vanquished.

Grand Total: 347 creatures vanquished

Notes
Turn   | Place    | Note
-------+----------+-------------------------------------------
     0 | D:1      | DearestLeader the Gnoll Chaos Knight began the quest for
                  | the Orb.
     0 | D:1      | Reached XP level 1. HP: 23/23 MP: 1/1
    44 | D:1      | XOM: silly message
    96 | D:1      | Reached XP level 2. HP: 14/29 MP: 2/2
   279 | D:1      | XOM: silly message
   388 | D:1      | Reached XP level 3. HP: 32/35 MP: 3/3
   388 | D:1      | XOM: give mutation
   388 | D:1      | Gained mutation: You occasionally shout uncontrollably at
                  | your foes. [Xom's mischief]
   649 | D:1      | Found Xinaczim's Distillery.
   749 | D:1      | Reached skill level 1 in Invocations
   925 | D:2      | Reached skill level 1 in Short Blades
   925 | D:2      | Reached skill level 1 in Long Blades
   925 | D:2      | Reached skill level 1 in Maces & Flails
   925 | D:2      | Reached skill level 1 in Polearms
   925 | D:2      | Reached skill level 1 in Staves
   925 | D:2      | Reached skill level 1 in Slings
   925 | D:2      | Reached skill level 1 in Bows
   925 | D:2      | Reached skill level 1 in Crossbows
   925 | D:2      | Reached skill level 1 in Throwing
   925 | D:2      | Reached skill level 1 in Stealth
   925 | D:2      | Reached skill level 1 in Shields
   925 | D:2      | Reached skill level 1 in Unarmed Combat
   925 | D:2      | Reached skill level 1 in Spellcasting
   925 | D:2      | Reached skill level 1 in Evocations
   996 | D:2      | XOM: summons 2 hostile demons
  1140 | D:2      | XOM: summons 1 hostile demon
  1247 | D:2      | Reached XP level 4. HP: 41/41 MP: 5/5
  1375 | D:2      | Noticed an ogre
  1376 | D:2      | Noticed a naga
  1376 | D:2      | an ogre changed into a naga
  1376 | D:2      | XOM: polymorph ogre -> naga
  1388 | D:2      | XOM: 8-stop teleportation journey
  1436 | D:3      | Noticed an ice beast
  1437 | D:3      | XOM: noise
  1445 | D:3      | XOM: fog
  1447 | D:3      | XOM: noise
  1456 | D:3      | Killed an ice beast
  1457 | D:3      | Reached skill level 1 in Conjurations
  1457 | D:3      | Reached skill level 1 in Hexes
  1457 | D:3      | Reached skill level 1 in Summonings
  1457 | D:3      | Reached skill level 1 in Necromancy
  1457 | D:3      | Reached skill level 1 in Translocations
  1457 | D:3      | Reached skill level 1 in Transmutations
  1457 | D:3      | Reached skill level 1 in Fire Magic
  1457 | D:3      | Reached skill level 1 in Ice Magic
  1457 | D:3      | Reached skill level 1 in Air Magic
  1457 | D:3      | Reached skill level 1 in Earth Magic
  1457 | D:3      | Reached skill level 1 in Poison Magic
  1457 | D:3      | Reached XP level 5. HP: 19/47 MP: 5/7
  1658 | D:3      | Found a faded altar of an unknown god.
  1761 | D:3      | Found a white marble altar of Elyvilon.
  1803 | D:3      | XOM: 2-stop teleportation journey
  1891 | D:3      | XOM: scenery: summon butterflies
  1958 | D:3      | Reached XP level 6. HP: 48/53 MP: 8/8
  2293 | D:4      | Identified the +3 dagger of Fixt {protect, rF+ Will+}
  2297 | D:4      | XOM: give mutations
  2297 | D:4      | Gained mutation: You are partially covered in iridescent
                  | scales. (AC +2) [Xom's grace]
  2297 | D:4      | Gained mutation: You possess an exceptional clarity of
                  | mind. [Xom's grace]
  2297 | D:4      | Gained mutation: You are robust. (+10% HP) [Xom's grace]
  2325 | D:4      | XOM: enchant monster (good)
  2441 | D:3      | XOM: 4-stop teleportation journey
  2465 | D:4      | Noticed Sigmund
  2466 | D:4      | XOM: summons friendly crimson imp
  2507 | D:4      | Killed Sigmund
  2508 | D:4      | Reached skill level 5 in Armour
  2567 | D:4      | Reached XP level 7. HP: 66/66 MP: 10/10
  2575 | D:4      | Found a transporter.
  2576 | D:4      | Noticed duchin's ghost (amateur GrEE)
  2704 | D:4      | XOM: fog
  2711 | D:4      | XOM: enchant monster (good)
  2825 | D:4      | XOM: god gift: 13 bolts
  3073 | D:4      | Found a transporter.
  3103 | D:4      | You fall into a shaft and drop 1 floor!
  3103 | D:5      | Entered Level 5 of the Dungeon
  3225 | D:5      | XOM: 1-stop teleportation journey
  3251 | D:5      | XOM: give mutation
  3251 | D:5      | Gained mutation: You have a pair of small antennae on your
                  | head. [Xom's grace]
  3321 | D:5      | Found a broken altar of Ashenzari.
  3565 | D:5      | XOM: cloud trail
  3627 | D:5      | Found an ornate altar of the Wu Jian Council.
  3806 | D:5      | Reached XP level 8. HP: 62/73 MP: 12/12
  4080 | D:5      | XOM: noise
  4257 | D:4      | XOM: god gift: tin of tremorstones (2/2)
  4447 | D:6      | Noticed a shapeshifter
  4447 | D:6      | a kobold changed into a shapeshifter
  4447 | D:6      | XOM: polymorph kobold -> shapeshifter
  4447 | D:6      | a shapeshifter changed into a black bear
  4450 | D:6      | XOM: cast spell 'Necromutation'
  4460 | D:6      | Noticed a harpy
  4460 | D:6      | a black bear changed into a harpy
  4461 | D:6      | XOM: chaos upgrade
  4465 | D:6      | XOM: confuse monster(s)
  4472 | D:6      | Found an opulent altar of Gozag.
  4474 | D:6      | Noticed a blink frog
  4474 | D:6      | a harpy changed into a blink frog
  4480 | D:6      | Killed a blink frog
  4562 | D:6      | Found a staircase to the Ecumenical Temple.
  4634 | D:6      | XOM: 5-stop teleportation journey
  5221 | D:7      | XOM: silly message
  5233 | D:7      | XOM: summons friendly white imp
  5342 | D:7      | XOM: summons friendly shadow imp
  5346 | D:7      | Reached XP level 9. HP: 79/79 MP: 14/14
  5441 | D:7      | XOM: scenery: create altars
  5784 | D:7      | XOM: summons 3 hostile shadow creatures
  6016 | D:8      | Reached skill level 5 in Dodging
  6098 | D:8      | Noticed a hornet
  6101 | D:8      | XOM: enchant monster (bad)
  6105 | D:8      | Killed a hornet
  6142 | D:8      | Noticed a troll
  6147 | D:8      | a troll changed into something unseen
  6147 | D:8      | XOM: polymorph troll -> something unseen
  6150 | D:8      | XOM: give mutations
  6150 | D:8      | Lost mutation: You possess an exceptional clarity of mind.
                  | [Xom's mischief]
  6150 | D:8      | Gained mutation: You are weak. (Str -2) [Xom's mischief]
  6150 | D:8      | Gained mutation: You are clumsy. (Dex -2) [Xom's mischief]
  6150 | D:8      | Lost mutation: You are partially covered in iridescent
                  | scales. (AC +2) [Xom's mischief]
  6170 | D:8      | Reached skill level 5 in Invocations
  6173 | D:8      | XOM: confuse monster(s)
  6193 | D:8      | XOM: polymorph wolf -> worm
  6271 | D:8      | Killed an unseen horror
  6334 | D:8      | XOM: 1-stop teleportation journey
  6335 | D:8      | Identified the +11 hand crossbow of Luxury {freeze, rC+
                  | Will+ Str-4 Int+2}
  6344 | D:8      | Reached XP level 10. HP: 71/88 MP: 17/17
  6364 | D:8      | Found a staircase to the Lair.
  6414 | D:8      | XOM: 5-stop teleportation journey
  6548 | D:8      | Reached skill level 5 in Short Blades
  6548 | D:8      | Reached skill level 5 in Long Blades
  6548 | D:8      | Reached skill level 5 in Maces & Flails
  6548 | D:8      | Reached skill level 5 in Polearms
  6548 | D:8      | Reached skill level 5 in Staves
  6548 | D:8      | Reached skill level 5 in Slings
  6548 | D:8      | Reached skill level 5 in Bows
  6548 | D:8      | Reached skill level 5 in Crossbows
  6548 | D:8      | Reached skill level 5 in Throwing
  6548 | D:8      | Reached skill level 5 in Stealth
  6548 | D:8      | Reached skill level 5 in Shields
  6548 | D:8      | Reached skill level 5 in Unarmed Combat
  6548 | D:8      | Reached skill level 5 in Spellcasting
  6548 | D:8      | Reached skill level 5 in Evocations
  6677 | D:8      | Found Jupofuiv's Assorted Antiques.
  6678 | D:8      | Found Xoehumuo's Armour Shop.
  6709 | D:8      | Bought a fizzy cyan potion for 26 gold pieces
  6709 | D:8      | Bought a cyan potion for 26 gold pieces
  6916 | D:8      | XOM: summons 4 hostile demons
  7090 | D:9      | Found a flagged portal.
  7118 | Bailey   | Entered a bailey
  7281 | Bailey   | Noticed an orc knight
  7281 | Bailey   | Noticed an orc knight
  7297 | Bailey   | XOM: fog
  7302 | Bailey   | Killed an orc knight
  7304 | Bailey   | Lost mutation: You are robust. (+10% HP) [potion of
                  | mutation]
  7304 | Bailey   | Lost mutation: You have a pair of small antennae on your
                  | head. [potion of mutation]
  7304 | Bailey   | Lost mutation: You are weak. (Str -2) [potion of mutation]
  7304 | Bailey   | Gained mutation: You have sharp fingernails. [potion of
                  | mutation]
  7305 | Bailey   | XOM: noise
  7305 | Bailey   | XOM: butterfly on damage
  7312 | Bailey   | XOM: polymorph butterfly -> glowing shapeshifter
  7314 | Bailey   | Killed an orc knight
  7321 | Bailey   | Noticed an orc knight
  7331 | Bailey   | XOM: summons friendly soul eater
  7350 | Bailey   | Killed an orc knight
  7363 | Bailey   | Noticed an orc knight
  7378 | Bailey   | Killed an orc knight
  7616 | D:9      | XOM: silly message
  7688 | D:9      | Found a staircase to the Orcish Mines.
  7688 | D:9      | XOM: 2-stop teleportation journey
  7765 | D:9      | XOM: silly message
  7768 | D:9      | Reached XP level 11. HP: 73/87 MP: 19/19
  7889 | D:9      | Noticed a salamander
  7889 | D:9      | a yak changed into a salamander
  7889 | D:9      | XOM: polymorph yak -> salamander
  7892 | D:9      | XOM: 1-stop teleportation journey
  7898 | D:9      | XOM: chaos upgrade
  7902 | D:9      | XOM: chaos upgrade
  7904 | D:9      | XOM: draining
  7905 | D:9      | XOM: swap monsters
  8229 | D:9      | XOM: confuse monster(s)
  8248 | D:9      | Killed a salamander
  8249 | D:9      | Reached skill level 5 in Conjurations
  8249 | D:9      | Reached skill level 5 in Hexes
  8249 | D:9      | Reached skill level 5 in Summonings
  8249 | D:9      | Reached skill level 5 in Necromancy
  8249 | D:9      | Reached skill level 5 in Translocations
  8249 | D:9      | Reached skill level 5 in Transmutations
  8249 | D:9      | Reached skill level 5 in Fire Magic
  8249 | D:9      | Reached skill level 5 in Ice Magic
  8249 | D:9      | Reached skill level 5 in Air Magic
  8249 | D:9      | Reached skill level 5 in Earth Magic
  8249 | D:9      | Reached skill level 5 in Poison Magic
  8462 | D:10     | Entered Level 10 of the Dungeon
  8466 | D:10     | Found Vasoagik's Magic Scroll Shop.
  8600 | D:10     | Found a basalt altar of Yredelemnul.
  8640 | D:10     | XOM: smoke on damage
  8698 | D:10     | Found a radiant altar of Vehumet.
  8772 | D:10     | XOM: blink monster(s)
  8781 | D:10     | XOM: smoke on damage
  9005 | D:10     | XOM: divination: detect items
  9053 | D:10     | XOM: divination: detect creatures
  9331 | D:10     | XOM: noise
  9478 | D:10     | XOM: silly message
  9520 | Lair:1   | Entered Level 1 of the Lair of Beasts
  9629 | Lair:1   | XOM: noise
  9642 | Lair:1   | Found a frozen archway.
  9654 | IceCv    | Entered an ice cave
  9659 | IceCv    | XOM: silly message
  9772 | D:8      | XOM: noise
 10076 | Lair:1   | XOM: polymorph hell rat -> hell hound
 10085 | Lair:1   | XOM: polymorph rime drake -> water moccasin
 10088 | Lair:1   | XOM: cleaving
 10241 | Lair:1   | You fall into a shaft and drop 1 floor!
 10325 | Lair:2   | XOM: cast spell 'Statue Form'
 10340 | Lair:2   | Reached XP level 12. HP: 96/96 MP: 22/22
 10350 | Lair:2   | XOM: fog
 10361 | Lair:2   | Learned a level 3 spell: Mephitic Cloud
 10365 | Lair:2   | Learned a level 3 spell: Ignite Poison
 10475 | Lair:2   | Found a staircase to the Swamp.
 10493 | Lair:2   | XOM: summons friendly white imp
 10500 | Lair:2   | XOM: 1-stop teleportation journey
 10659 | Lair:2   | XOM: confuse monster(s)
 10703 | Lair:2   | XOM: 1-stop teleportation journey
 10708 | Lair:2   | Identified the +8 mace of Bloody Death {chaos, *Slow rElec
                  | rF+ rCorr}
 10873 | Lair:2   | Noticed a death yak
 10876 | Lair:2   | XOM: cast spell 'Summon Mana Viper'
 10886 | Lair:2   | Killed a death yak
 10928 | Lair:2   | XOM: give mutations
 10928 | Lair:2   | Gained mutation: Armour fits poorly on your strangely
                  | shaped body. [Xom's mischief]
 10928 | Lair:2   | Gained mutation: You sometimes lose the ability to read
                  | scrolls when taking damage. [Xom's mischief]
 10928 | Lair:2   | Lost mutation: You are clumsy. (Dex -2) [Xom's mischief]
 11049 | Lair:2   | XOM: confuse monster(s)
 11224 | Lair:2   | HP: 2/97 [black mamba (15)]
 11225 | Lair:2   | Demolished by a black mamba

Illustrated notes

Levels and vault maps discovered:
D:1:      scummos_arrival_gate, layout_rooms, serial_shops, shop_statue
D:2:      layout_rooms
D:3:      layout_basic, elyvilon_altar_1, basic_ecumenical_altar
D:4:      layout_basic, gammafunk_ghost_stat_death, minmay_bent, uniq_sigmund
D:5:      layout_loops_ring, mainiacjoe_overflow_boulevard,
          pdpol_wu_jian_five_deadly_venoms
D:6:      layout_basic, nicolae_gozag_cash_rules_everything_around_me,
          temple_statues, chequers_avenue
D:7:      layout_loops_ring, palyth_stone_intersect
D:8:      layout_cave_pods, erik_lair_island, nicolae_wooded_promenade,
          minmay_nine_imps
D:9:      layout_stronghold, zombieorc2_lemuel, enter_bailey_5
D:10:     layout_loops_ring, lemuel_zombie_altar_yredelemnul,
          mainiacjoe_overflow_alcove_4, nicolae_stop_n_shop_2
Lair:1:   layout_chaotic_city, portal_ice_cave_entry_pillars_1,
          beast_lair_carwin_1, grunt_megastairs_5
Lair:2:   beast_lair_carwin_large_2, layout_cave_pods, minmay_swamp_entry_swarm

Skill      XL: |  1  2  3  4  5  6  7  8  9 10 11 12 |
---------------+-------------------------------------+-----
Invocations    | 1 2 3 4 5 6 7 8 |  8.0
Short Blades   | 1 2 3 4 5 6 7 |  7.3
Long Blades    | 1 2 3 4 5 6 7 |  7.3
Maces & Flails | 1 2 3 4 5 6 7 |  7.3
Polearms       | 1 2 3 4 5 6 7 |  7.3
Staves         | 1 2 3 4 5 6 7 |  7.3
Slings         | 1 2 3 4 5 6 7 |  7.3
Bows           | 1 2 3 4 5 6 7 |  7.3
Crossbows      | 1 2 3 4 5 6 7 |  7.3
Throwing       | 1 2 3 4 5 6 7 |  7.3
Stealth        | 1 2 3 4 5 6 7 |  7.3
Shields        | 1 2 3 4 5 6 7 |  7.3
Unarmed Combat | 1 2 3 4 5 6 7 |  7.3
Spellcasting   | 1 2 3 4 5 6 7 |  7.3
Evocations     | 1 2 3 4 5 6 7 |  7.3
Dodging        | 3 4 5 6 7 |  7.8
Conjurations   | 1 2 3 4 5 6 |  6.0
Hexes          | 1 2 3 4 5 6 |  6.0
Summonings     | 1 2 3 4 5 6 |  6.0
Necromancy     | 1 2 3 4 5 6 |  6.0
Translocations | 1 2 3 4 5 6 |  6.0
Transmutations | 1 2 3 4 5 6 |  6.0
Fire Magic     | 1 2 3 4 5 6 |  6.0
Ice Magic      | 1 2 3 4 5 6 |  6.0
Air Magic      | 1 2 3 4 5 6 |  6.0
Earth Magic    | 1 2 3 4 5 6 |  6.0
Poison Magic   | 1 2 3 4 5 6 |  6.0
Armour         | 5 6 7 8 |  8.7
Fighting       | 7 8 9 |  9.9
Axes           | 7 8 9 |  9.9

Action                   |  1- 3 |  4- 6 |  7- 9 | 10-12 || total
-------------------------+-------+-------+-------+-------++-------
Melee: Hand axe          |    79 |       |       |       ||    79
       Bite              |     7 |    14 |    44 |    62 ||   127
       Whip              |    26 |    90 |       |       ||   116
       Punch             |     1 |     1 |     5 |     5 ||    12
       Dagger            |       |    66 |   189 |       ||   255
       Quarterstaff      |       |       |   208 |   464 ||   672
       Mace              |       |       |       |    33 ||    33
 Fire: Hand crossbow     |       |       |       |     5 ||     5
Throw: Dart              |       |       |       |     2 ||     2
 Cast: Mephitic Cloud    |       |       |       |     7 ||     7
       Ignite Poison     |       |       |       |     2 ||     2
Evoke: Wand              |       |       |       |    12 ||    12
       Tin of tremorston |       |       |       |     2 ||     2
  Use: Scroll            |       |     5 |     4 |    11 ||    20
       Potion            |       |     3 |     1 |     7 ||    11
 Stab: Sleeping          |     1 |     1 |     3 |     3 ||     8
       Paralysed         |       |       |     2 |     2 ||     4
       Distracted        |       |       |     1 |     2 ||     3
       Confused          |       |       |       |     1 ||     1
Armor: Leather armour    |    50 |    60 |   129 |       ||   239
       Steam dragon scal |       |       |    19 |   157 ||   176
       Skin              |       |       |       |    49 ||    49
Dodge: Dodged            |    77 |    76 |   250 |   496 ||   899
